 Dungeon Crawl Stone Soup version 0.23.2-33-g5129a83 (webtiles) character file.

Game seed: 41556081639909251

77 Fortress the Firebug (level 4, 0/33 HPs)
             Began as a Draconian Fire Elementalist on Aug 5, 2019.
             Slain by Sigmund
             ... wielding a cursed -3 scythe
              (6 damage)
             ... on level 2 of the Dungeon.
             The game lasted 00:09:30 (1829 turns).

Fortress the Firebug (Draconian Fire Elementalist)  Turns: 1829, Time: 00:09:31

Health: 0/33       AC:  5    Str: 10    XL:     4   Next: 14%
Magic:  2/8        EV: 12    Int: 16    God:
Gold:   71         SH:  0    Dex: 12    Spells: 7/8 levels left

rFire    . . .     SeeInvis .   d - +0 short sword
rCold    + . .     Gourm    .   (no shield)
rNeg     . . .     Faith    .   (armour unavailable)
rPois    .         Spirit   .   (helmet restricted)
rElec    .         Reflect  .   n - scarf {cloud immunity}
rCorr    .         Harm     .   (no gloves)
MR       .....                  (no boots)
Stlth    ++........             (no amulet)
HPRegen  0.11/turn              h - ring of protection from cold
MPRegen  0.11/turn              j - ring of stealth

@: confused
A: unfitting armour, cold-blooded, AC +5
a: no special abilities


You were on level 2 of the Dungeon.
You were not hungry.

You visited 1 branch of the dungeon, and saw 2 of its levels.

You collected 71 gold pieces.

Inventory:

Hand Weapons
 d - a +0 short sword (weapon)
 i - a +0 hunting sling
Missiles
 l - 57 stones (quivered)
Armour
 f - a +0 large shield
 n - a scarf of cloud immunity (worn)
Jewellery
 h - a ring of protection from cold (left hand)
 j - a ring of stealth (right hand)
 p - a +4 ring of dexterity {unknown}
Scrolls
 a - a scroll of remove curse {unknown}
 c - a scroll of amnesia {unknown}
 e - a scroll of fear {unknown}
 m - 5 scrolls of identify {unknown}
 o - 4 scrolls of teleportation {unknown}
 q - 2 scrolls of enchant weapon {unknown}
Potions
 g - a potion of magic {unknown}
 k - 2 potions of curing {unknown}
 r - a potion of haste {unknown}
 s - a potion of brilliance {unknown}
Comestibles
 b - a ration
 t - 2 chunks of flesh


   Skills:
 - Level 2.0 Dodging
 - Level 2.0 Stealth
 + Level 2.7 Spellcasting
 + Level 1.8 Conjurations
 + Level 4.0 Fire Magic


You had 7 spell levels left.
You knew the following spells:

 Your Spells              Type           Power        Failure   Level  Hunger
a - Flame Tongue          Conj/Fire      ##...        6%          1    #......

Your spell library contained the following spells:

 Spells                   Type           Power        Failure   Level  Hunger
 Throw Flame              Conj/Fire      ##....       9%          2    ##.....
 Conjure Flame            Conj/Fire      ##......     17%         3    ###....
 Inner Flame              Hex/Fire       #.......     26%         3    ###....
 Sticky Flame             Conj/Fire      ##......     50%         4    #####..
 Fireball                 Conj/Fire      ##........   85%         5    ######.


Dungeon Overview and Level Annotations

Branches:
Dungeon (2/15)

Altars:
Makhleb
Wu Jian
Xom

Annotations:
D:2 Sigmund


Innate Abilities, Weirdness & Mutations

Your plain brown scales are hard. (AC +5)
You cannot fit into any form of body armour.
You are cold-blooded and may be slowed by cold attacks.


Message History

Something tries to affect you, but you resist.
You completely miss something. Something completely misses you.
You closely miss something.
Your tail-slap misses something.
Something barely misses you.
You hit something. You barely miss something.
Something hits you but does no damage.
You closely miss something.
Your tail-slap misses something.
Something hits you.
You hit something but do no damage. Something hits you. Something hits you.
You see here an adder corpse.
You hit something. You tail-slap something. Something hits you!
* * * LOW HITPOINT WARNING * * *
You hear some strange, mumbled words.
You are confused.
You bump into the rock wall.
You bump into the rock wall.
Something hits you.
* * * LOW HITPOINT WARNING * * *
Something hits you.
You die...

..........#
#.........##
......... ...##.#
#
#.###.##)##.####
#[...†..........
#####.##.##.###
#.##.##.#
#..@....#
####.#### ###.##
#.)..############
#.#.............#
#.####.###### #.#
#.# #.# #.# #.#
#.# #.# #.#
#.########.###


There were no monsters in sight!

Vanquished Creatures
  2 adders (D:2)
  2 oozes
  A dart slug (D:2)
  2 leopard geckos (D:1)
  2 bats (D:1)
  6 giant cockroaches
  9 goblins
  6 hobgoblins
  2 jackals (D:1)
  2 frilled lizards
  5 kobolds
  6 rats
45 creatures vanquished.

Notes
Turn   | Place    | Note
-------+----------+-------------------------------------------
     0 | D:1      | Fortress the Draconian Fire Elementalist began the quest
                  | for the Orb.
     0 | D:1      | Reached XP level 1. HP: 14/14 MP: 3/3
   225 | D:1      | Reached XP level 2. HP: 15/20 MP: 0/5
   675 | D:1      | Reached XP level 3. HP: 26/26 MP: 4/6
  1523 | D:2      | Found an ornate altar of the Wu Jian Council.
  1797 | D:2      | Found a shimmering altar of Xom.
  1798 | D:2      | Found a burning altar of Makhleb.
  1800 | D:2      | Reached XP level 4. HP: 33/33 MP: 5/8
  1800 | D:2      | Noticed Sigmund
  1803 | D:2      | Reached skill level 4 in Fire Magic
  1829 | D:2      | Slain by Sigmund

Skill      XL: |  1  2  3  4 |
---------------+-------------+-----
Dodging        | 2 |  2.0
Stealth        | 2 |  2.0
Fire Magic     | 4 |  4.0
Spellcasting   | |  2.7
Conjurations   | |  1.8

Action                   |  1- 3 |  4- 6 || total
-------------------------+-------+-------++-------
Melee: Short sword       |    14 |    12 ||    26
       Tailslap          |       |     1 ||     1
 Cast: Flame Tongue      |    73 |     7 ||    80
  Eat: Chunk             |     4 |       ||     4
Armor: Skin              |     9 |       ||     9
Dodge: Dodged            |    16 |     5 ||    21
